Match 41660114
Unlisted

Match 41660114
End
Royal Engineer Section
Construct Section Command Post
Selects Indian Artillery Battlegroup
Dingo Light Scout Car
Infantry Section
Infantry Section
Grenade Package
Construct Field Infirmary
Vickers Machine Gun Team
Selects Valour
Vickers Machine Gun Team
Construct Platoon Command Post
6-pounder Anti-tank Gun Team
Unlock M3 Stuart Light Tanks
Selects Gurkha Rifles Section
M3 Stuart Light Tank
Gurkha Rifles Section
Selects Volunteer Infantry
6-pounder Anti-tank Gun Team
M3 Stuart Light Tank
Gurkha Rifles Section
M3 Stuart Light Tank
6-pounder Anti-tank Gun Team
6-pounder Anti-tank Gun Team
Selects Artillery Saturation
Selects Off-map Airburst Barrage
Selects BL5.5 Artillery Emplacement
Vickers Machine Gun Team
Construct Company Command Post
速趴塞牙人
Grand.G
0
0

Comments sign in to comment!

No comments posted yet!